 Dungeon Crawl Stone Soup version 0.18-a0-1628-g61c6396 (webtiles) character file.

50 Gorice the Chopper (level 3, 0/29 HPs)
             Began as a Demonspawn Berserker on Mar 25, 2016.
             Was a Follower of Trog.
             Slain by an orc priest
             ... wielding a +2 flail of crushing
              (1 damage)
             ... on level 3 of the Dungeon.
             The game lasted 00:04:06 (832 turns).

Gorice the Chopper (Demonspawn Berserker)            Turns: 832, Time: 00:04:07

Health: 0/29       AC:  2    Str: 17    XL:     3   Next: 55%
Magic:  0/3        EV: 12    Int:  8    God:    Trog [*.....]
Gold:   14         SH:  0    Dex: 13    Spells: 0 memorised, 2 levels left

rFire  . . .     SeeInvis .     a - +0 hand axe
rCold  . . .     Gourm    .     b - +0 animal skin
rNeg   . . .     Faith    .     (no shield)
rPois  .         Spirit   +     (no helmet)
rElec  .         Dismiss  .     (no cloak)
rCorr  .         Reflect  .     (no gloves)
SustAt .         Harm     .     (no boots)
MR     .....                    (no amulet)
Stlth  +.........               (no ring)
                                (no ring)

@: not resistant to hostile enchantments, very unstealthy
A: magic shield
a: Berserk, Burn Spellbooks, Renounce Religion


You were on level 3 of the Dungeon.
You worshipped Trog.
Trog was aware of your devotion.
You were hungry.

You visited 1 branch of the dungeon, and saw 3 of its levels.

You collected 14 gold pieces.

Inventory:

Hand Weapons
 a - a +0 hand axe (weapon)
Missiles
 X - 7 tomahawks of dispersal
 Y - a throwing net
 Z - a stone (quivered)
Armour
 b - a +0 animal skin (worn)
Potions
 g - a potion of lignification {!q}
 i - a potion of haste {unknown}
Comestibles
 c - a bread ration {!e}


   Skills:
 + Level 3.6 Fighting
 * Level 3.7 Axes
 - Level 1.7 Armour
 - Level 1.7 Dodging


You had 2 spell levels left.
You didn't know any spells.

Dungeon Overview and Level Annotations

Branches:
Dungeon (3/15)

Altars:


Innate Abilities, Weirdness & Mutations

When hurt, damage is shared between your health and your magic reserves.


Message History

a dagger; a robe; an orc corpse You butcher the orc corpse.
You enjoyed that.
Things that are here:
a dagger; a robe; 2 chunks of flesh You feel a strong urge to attack something.
There is a stone staircase leading down here.
You start resting.
You are no longer berserk.
You are exhausted.
You feel yourself slow down.
Damage: 5 (max 5)
You start resting.
Magic restored.
You start resting.
You feel yourself speed up.
Read which item? (? for menu, Esc to quit)
As you read the scroll labeled SYRO LEIDUG, it crumbles to dust.
It is a scroll of recharging.
You aren't carrying any rechargeable items.
Eat which item? (? for menu, Esc to quit)
Okay, then.
Unknown command.
Read which item? (? for menu, Esc to quit)
As you read the scroll labeled UMYPRU ESAHUK, it crumbles to dust.
It is a scroll of identify.
Identify which item? (\ to view known items) (? for menu, Esc to quit)
g - a potion of lignification Read which item? (? for menu, Esc to quit)
As you read the scroll labeled IFECKA QUUTZARYDGH, it crumbles to dust.
The scroll dissolves into smoke.
It was a scroll of fog.
You start resting.
You feel less exhausted.
You start resting.
You are feeling hungry.
You start resting.
HP restored.
You climb downwards.
There is a stone staircase leading up here.
The orc priest mumbles some strange prayers to Beogh against you.
Pain shoots through your body!
Damage: 12 (max 12)
The orc priest hits you with a flail of crushing!
* * * LOW HITPOINT WARNING * * *
x2 You see here a robe.
Damage: 10 (max 12)
You hit the orc priest.
The orc priest is lightly wounded.
The orc priest hits you with a flail of crushing!
* * * LOW HITPOINT WARNING * * *
You die...

..#. #.#
#.##.##.####.#
..........{o.# ##.# #.
#.# ##..###. #.#
#.......##.###
###..#####..$..#
#######.>...)........#
.......<.@o......!...#
.............##......#
######.....#.##......#
#..####.......#.#
....# ####.####.#
####.# #.# .. #.# #.#
# #.#######.#
#.........#


You could see an orc priest.

Vanquished Creatures
  An orc wizard (D:2)
  A dart slug (D:2)
  3 orcs
  2 bats
  A giant cockroach (D:1)
  4 jackals
  3 kobolds (D:1)
  2 ball pythons
  2 rats (D:1)
19 creatures vanquished.

Notes
Turn   | Place    | Note
--------------------------------------------------------------
     0 | D:1      | Gorice the Demonspawn Berserker began the quest for the Orb.
     0 | D:1      | Reached XP level 1. HP: 18/18 MP: 1/1
    91 | D:1      | Reached skill level 3 in Axes
   144 | D:1      | Gained mutation: When hurt, damage is shared between your health and your magic reserves. [demonic ancestry]
   144 | D:1      | Reached XP level 2. HP: 14/24 MP: 2/2
   404 | D:2      | HP: 5/24 [orc/club (6)]
   655 | D:2      | Reached XP level 3. HP: 17/29 MP: 1/3
   831 | D:3      | HP: 8/29 [orc priest/flail of crushing (9)]
   832 | D:3      | HP: 1/29 [orc priest/flail of crushing (6)]
   832 | D:3      | Slain by an orc priest

Vault maps used:
D:1:      sevenhm_arrival_forest_fort_small_6, serial_bayou,
          serial_bayou_pond_d, serial_bayou_pond_a, serial_bayou_pond_b,
          serial_bayou_shore_b
D:3:      tgw_kikubaaqudgha

Skill      XL: |  1 |
---------------+----+-----
Axes           | 3 |  3.7
Fighting       | |  3.6
Armour         | |  1.7
Dodging        | |  1.7

Action                   || total
-------------------------++-------
Melee: Hand axe          ||    54
Invok: Berserk           ||     1
  Use: Scroll            ||     3
 Stab: Sleeping          ||     1

Table legend:
 A = Turns spent in this place as a percentage of turns spent in the entire game.
 B = Non-inter-level travel turns spent in this place as a percentage of non-inter-level travel turns spent in the entire game.
 C = Inter-level travel turns spent in this place as a percentage of turns spent in this place.
 D = Turns resting spent in this place as a percentage of non-inter-level travel turns spent in this place.
 E = Turns spent auto-exploring this place as a percentage of non-inter-level travel turns spent in this place.
 F = Non-inter-level travel turns spent in this place divided by the number of levels of this place that you've seen.
                   A       B       C       D       E      F
               +-------+-------+-------+-------+-------+----------------------
         Total | 100.0 | 100.0 |   0.0 |   2.7 |   0.5 | 138.3
       Dungeon | 100.0 | 100.0 |   0.0 |   2.7 |   0.5 | 138.3
               +-------+-------+-------+-------+-------+----------------------

Vault maps used:
D:1:      sevenhm_arrival_forest_fort_small_6, serial_bayou,
          serial_bayou_pond_d, serial_bayou_pond_a, serial_bayou_pond_b,
          serial_bayou_shore_b
D:3:      tgw_kikubaaqudgha
